 Dungeon Crawl Stone Soup version 0.28.0-43-g3370ac3207 (webtiles) character file.

Game seed: 13845290013281234034

490 Faeu the Shield-Bearer (level 6, -2/57 HPs)
             Began as a Minotaur Fighter on Mar 28, 2022.
             Was an Initiate of Yredelemnul.
             Slain by an orc warrior
             ... wielding a +0 dire flail of protection
              (24 damage)
             ... on level 7 of the Dungeon.
             The game lasted 00:12:34 (4167 turns).

Faeu the Shield-Bearer (Minotaur Fighter)           Turns: 4167, Time: 00:12:34

Health: -2/57      AC:  0    Str: 22    XL:     6   Next: 90%
Magic:  5/5        EV:  9    Int:  5    God:    Yredelemnul [......]
Gold:   153        SH:  9    Dex: 12    Spells: 5/5 levels left

rFire   . . .      SeeInvis .   r - +5 spear of the Wary Visionaries {speed, rN+ Dex+2, polearm}
rCold   . . .      Faith    .   v - +0 kite shield
rNeg    + . .      Spirit   .   (no armour)
rPois   .          Reflect  .   (helmet restricted)
rElec   .          Harm     .   (no cloak)
rCorr   .          Rampage  .   (no gloves)
Will    .....                   (no boots)
Stlth   +.........              (no amulet)
HPRegen 0.19/turn               (no ring)
MPRegen 0.09/turn               (no ring)

@: no status effects
A: horns 2, retaliatory headbutt
a: Renounce Religion, Recall Undead Harvest


You were on level 7 of the Dungeon.
You worshipped Yredelemnul.
Yredelemnul was noncommittal.
You visited 2 branches of the dungeon, and saw 6 of its levels.

You collected 153 gold pieces.


Innate Abilities, Weirdness & Mutations

You have a pair of horns on your head.
You reflexively headbutt those who attack you in melee.


   Skills:
 + Level 5.6 Fighting
 + Level 4.8 Long Blades
 + Level 5.6 Armour
 + Level 5.6 Shields


You had 5 spell levels left.
You didn't know any spells.
Your spell library contained the following spells:

 Spells                   Type           Power      Damage    Failure   Level
 Sting                    Tmut/Pois      0%         1d3       83%         1
 Poisonous Vapours        Pois/Air       0%         N/A       92%         2
 Olgreb's Toxic Radiance  Pois           0%         N/A       100%        4

Inventory:

Hand Weapons
 a - a +0 long sword {long}
 m - a +1 dagger of protection {short}
   (You took it off a kobold on level 2 of the Dungeon)
 r - the +5 spear of the Wary Visionaries (weapon) {speed, rN+ Dex+2, polearm}
   (You found it on level 3 of the Dungeon)

   Attacks with this weapon are significantly faster.
   Dex:       It affects your dexterity (+2).
   rN:        It protects you from negative energy.
Missiles
 w - 59 stones (quivered) {throwing}
Armour
 b - a +0 scale mail
 c - a +0 buckler
 q - the +4 ring mail of Reason {+Inv rF+ Stlth+}
   (You found it on level 3 of the Dungeon)

   rF:        It protects you from fire.
   +Inv:      It lets you turn invisible.
   Stlth:     It makes you more stealthy.
 s - a +0 leather armour
   (You took it off a goblin on level 3 of the Dungeon)
 t - a +0 leather armour
   (You took it off an orc on level 3 of the Dungeon)
 u - a +0 leather armour
   (You took it off an orc priest on level 3 of the Dungeon)
 v - a +0 kite shield (worn)
   (You found it on level 3 of the Dungeon)
Scrolls
 h - 2 scrolls of blinking {unknown}
 j - a scroll of immolation {unknown}
 k - a scroll of magic mapping {unknown}
 l - a scroll of holy word {unknown}
 o - 2 scrolls of fog {unknown}
 p - a scroll of teleportation {unknown}
Potions
 d - 2 potions of might
 e - 3 potions of flight {unknown}
 f - 3 potions of lignification {unknown}
 g - 2 potions of magic {unknown}
 i - a potion of curing {unknown}
 n - 2 potions of degeneration {unknown}

Dungeon Overview and Level Annotations

Branches:
Dungeon (4/15)             Temple (1/1) D:4

Altars:
Ashenzari
Cheibriados
Dithmenos
Elyvilon
Fedhas
Gozag
Hepliaklqana
Kikubaaqudgha
Makhleb
Nemelex Xobeh
Okawaru
Qazlal
Sif Muna
Trog
Uskayaw
Vehumet
Wu Jian
Xom
Yredelemnul
Zin
The Shining One

Annotations:
D:4 1 runed translucent door, dangdung's ghost, amateur OpTm

######
##....o###
......o@.#
##....oo.#
####.Z..#
#....#
#....#
#....#
......
##....#


You could see an orc warrior, 3 orcs and a friendly orc wizard zombie.


Message History

A jelly comes into view.
The jelly quivers.
You hit the jelly.
Your hands burn!
You headbutt the jelly, but do no damage.
The jelly hits you.
You are splashed with acid. 😕 HP[-8]
You take 8 damage, and now have 48/56 hp.
You hit the jelly.
Your hands burn!
You headbutt the jelly. 😕 HP[-5]
You take 5 damage, and now have 43/56 hp.
You puncture the jelly!
You kill the jelly! 😕 HP[+1] HP restored.
An endoplasm comes into view. 😎 HP[+12]
The endoplasm quivers.
You block the endoplasm's attack.
You hit the endoplasm.
You headbutt the endoplasm, but do no damage.
The endoplasm jiggles.
The endoplasm freezes you.
You are frozen. 😕 HP[-2]
You take 2 damage, and now have 54/56 hp.
You puncture the endoplasm!
You kill the endoplasm!
Natasha, Servant of Life and Death comes into view.
Natasha hisses angrily.
Natasha drinks a potion.
Natasha seems to speed up. 😎 HP[+2]
You hit Natasha. Your headbutt misses Natasha. Natasha barely misses you.
You furiously retaliate!
You headbutt Natasha!
You kill Natasha!
Natasha screams in pain as she dies!
A black mist starts to gather...
n - 2 emerald potions (gained 1)
You now have 153 gold pieces (gained 19).
e - 3 yellow potions (gained 1)
A kobold comes into view. It is wielding a +0 club.
The kobold shouts!
You closely miss the kobold.
The kobold hits you with a +0 club. 😕 HP[-5]
You take 5 damage, and now have 51/56 hp.
You closely miss the kobold. You headbutt the kobold.
You kill the kobold!
You see here a +0 club {mace}.
You swap places.
A sourceless malevolence fills the Dungeon...
You fall into a shaft and drop 3 floors!
The shaft crumbles and collapses.
An orc warrior, an orc wizard and 3 orcs come into view.
The orc warrior is wielding a +0 dire flail of protection.
An orc is wielding a +1 short sword of holy wrath.
The orc wizard shouts!
The orc shouts! x3 😎 HP[+5]
You hit the orc. You hit the orc. You block the orc's attack.
You barely miss the orc. Your headbutt misses the orc.
The orc hits you with a +0 short sword.
The orc hits you with a +0 hand axe. 😕 HP[-8]
You take 8 damage, and now have 48/56 hp.
You hit the orc wizard. You headbutt the orc wizard. The orc barely misses you.
You furiously retaliate!
You headbutt the orc. You block the orc warrior's attack.
You block the orc wizard's attack. You block the orc's attack.
You puncture the orc wizard! You block the orc's attack.
The orc hits you with a +0 hand axe. 😕 HP[-1]
You take 1 damage, and now have 47/56 hp.
You hit the orc warrior but do no damage.
The orc wizard hits you with a +0 dagger.
The orc hits you with a +0 short sword.
The orc hits you with a +0 hand axe. 😮 HP[-8]
You take 8 damage, and now have 39/56 hp.
You closely miss the orc warrior. The orc warrior barely misses you.
You furiously retaliate!
You headbutt the orc warrior, but do no damage.
You block the orc wizard's attack. You block the orc's attack. x2
You hit the orc wizard.
You kill the orc wizard!
A black mist starts to gather...
The orc warrior closely misses you. The orc closely misses you.
You block the orc's attack. 😮 HP[+1]
You now have 57 max hp (+1).
You hit the orc. Your headbutt misses the orc.
The orc warrior hits you with a +0 dire flail of protection!
* * * LOW HITPOINT WARNING * * *
You block the orc's attack.
The orc hits you with a +1 short sword of holy wrath.
* * * LOW HITPOINT WARNING * * *
😨 HP[-18]
You take 18 damage, and now have 22/57 hp.
MASSIVE DAMAGE!! (PAUSE)
You hit the orc warrior but do no damage.
You headbutt the orc warrior. You block the orc's attack.
You hit the orc warrior.
The orc warrior hits you with a +0 dire flail of protection!!
You die...
Your body rises from the dead as a mindless zombie.

Skill      XL: |  1  2  3  4  5 |
---------------+----------------+-----
Fighting       | 4 5 |  5.6
Shields        | 4 5 |  5.6
Armour         | 4 5 |  5.6
Long Blades    | 3 4 |  4.8

Action                   |  1- 3 |  4- 6 || total
-------------------------+-------+-------++-------
Melee: Long sword        |    87 |    50 ||   137
       Headbutt          |    11 |    26 ||    37
       Spear             |       |    79 ||    79
Armor: Scale mail        |    47 |    19 ||    66
Dodge: Dodged            |    53 |    39 ||    92
Block: Buckler           |    23 |    15 ||    38
       Kite shield       |       |    17 ||    17

Levels and vault maps discovered:
D:1:      lightli_arrival_boilingwater, layout_basic, basic_ecumenical_altar
D:2:      layout_basic, kennysheep_generic_room_3
D:3:      layout_basic
D:4:      layout_layer_cave, mainiacjoe_overflow_six_doors_small,
          minmay_temple_entry_drinking_statues, gammafunk_ghost_grave,
          uniq_natasha
D:7:      layout_basic
Temple:   kilobyte_greek_temple

Notes
Turn   | Place    | Note
-------+----------+-------------------------------------------
     0 | D:1      | Faeu the Minotaur Fighter began the quest for the Orb.
     0 | D:1      | Reached XP level 1. HP: 19/19 MP: 0/0
     0 | D:1      | magus.rc [v1.9.6]
   128 | D:1      | Reached XP level 2. HP: 27/27 MP: 1/1
   774 | D:1      | Reached skill level 4 in Fighting
   774 | D:1      | Reached skill level 4 in Shields
   780 | D:1      | Found a faded altar of an unknown god.
   783 | D:1      | Reached skill level 4 in Armour
  1104 | D:1      | Reached skill level 3 in Long Blades
  1104 | D:1      | Reached XP level 3. HP: 32/33 MP: 2/2
  1354 | D:2      | Reached XP level 4. HP: 27/41 MP: 3/3
  1835 | D:2      | Reached XP level 5. HP: 44/47 MP: 4/4
  2390 | D:3      | Identified the +4 ring mail of Reason {+Inv rF+ Stlth+}
  2450 | D:3      | Identified the +5 spear of the Wary Visionaries {speed, rN+
                  | Dex+2}
  2625 | D:3      | Reached skill level 4 in Long Blades
  2627 | D:3      | Reached skill level 5 in Fighting
  2627 | D:3      | Reached skill level 5 in Armour
  2627 | D:3      | Reached skill level 5 in Shields
  3089 | D:3      | You add the spells Sting, Poisonous Vapours and Olgreb's
                  | Toxic Radiance to your library.
  3217 | D:4      | Reached XP level 6. HP: 49/56 MP: 5/5
  3362 | D:4      | Found a runed translucent door.
  3362 | D:4      | Noticed dangdung's ghost (amateur OpTm)
  3642 | D:4      | Found a staircase to the Ecumenical Temple.
  3651 | Temple   | Entered the Ecumenical Temple
  3652 | Temple   | magus.rc [v1.9.6]
  3756 | Temple   | Became a worshipper of Yredelemnul the Dark
  4034 | D:4      | Noticed Natasha
  4038 | D:4      | Killed Natasha
  4156 | D:4      | You fall into a shaft and drop 3 floors!
  4156 | D:7      | Noticed an orc warrior
  4167 | D:7      | Slain by an orc warrior

Vanquished Creatures
  An ogre (D:4)
  A scorpion (D:4)
  A jelly (D:4)
  2 orc priests (D:3)
  3 orc wizards
  Natasha (D:4)
  5 adders
  A worm (D:2)
  5 dart slugs
  7 orcs
  4 bats
  10 endoplasms
  4 giant cockroaches
  2 hobgoblins
  4 jackals (D:2)
  13 kobolds
  5 quokkas
  6 ball pythons
  4 frilled lizards
  6 goblins
  6 rats
91 creatures vanquished.

Table legend:
 A = Non-vault XP
 B = Vault XP
 C = Vault XP percentage of total XP
 D = Non-vault monster count
 E = Vault monster count
 F = Vault count percentage of total count
                 A         B        C        D         E       F
            +---------+---------+-------+---------+---------+-------
      Total |     652 |      49 |   7.0 |      88 |       3 |   3.3
            +---------+---------+-------+---------+---------+-------
        D:1 |      41 |       0 |   0.0 |      22 |       0 |   0.0
        D:2 |     146 |      14 |   8.8 |      27 |       2 |   6.9
        D:3 |     143 |       0 |   0.0 |      28 |       0 |   0.0
        D:4 |     287 |      35 |  10.9 |      10 |       1 |   9.1
        D:7 |      35 |       0 |   0.0 |       1 |       0 |   0.0
            +---------+---------+-------+---------+---------+-------

Illustrated notes

Table legend:
 A = Kills in this place as a percentage of kills in entire the game.
 B = Kills by you in this place as a percentage of kills by you in the entire game.
 C = Kills by friends in this place as a percentage of kills by friends in the entire game.
 D = Other kills in this place as a percentage of other kills in the entire game.
 E = Experience gained in this place as a percentage of experience gained in the entire game.
 F = Experience gained in this place divided by the number of levels of this place that you have seen.
                   A       B       C       D       E      F
               +-------+-------+-------+-------+-------+----------------------
         Total | 100.0 | 100.0 |   N/A |   N/A | 100.0 | 116.8
       Dungeon | 100.0 | 100.0 |   N/A |   N/A | 100.0 | 140.2
               +-------+-------+-------+-------+-------+----------------------

Table legend: (Time is in decaauts)
 A = Elapsed time spent in this place.
 B = Non-inter-level travel time spent in this place.
 C = Inter-level travel time spent in this place.
 D = Time resting spent in this place.
 E = Time spent auto-exploring this place.
 F = Levels seen in this place.
 G = Mean time per level.
                   A        B        C        D        E       F      G
               +--------+--------+--------+--------+--------+-----+--------+
         Total |   4193 |   4141 |     52 |    343 |   2712 |   6 |  698.8 |
       Dungeon |   4048 |   3996 |     52 |    343 |   2675 |   5 |  809.6 |
        Temple |    144 |    144 |      0 |      0 |     37 |   1 |  144.0 |
               +--------+--------+--------+--------+--------+-----+--------+

Top non-repeatable levels by time:
     D:2: 1160 daAuts
     D:1: 1147 daAuts
     D:3: 1055 daAuts
     D:4: 676 daAuts
  Temple: 144 daAuts
     D:7: 9 daAuts
